 Dungeon Crawl Stone Soup version 0.25-a0-565-g8875c97 (webtiles) character file.

Game seed: 3221732184520633911, levelgen mode: deterministic

201 tyvek the Insei (level 5, -3/44 HPs)
             Began as a Draconian Transmuter on Feb 25, 2020.
             Slain by southernslant's ghost (7 damage)
             ... on level 3 of the Dungeon on Feb 26, 2020.
             The game lasted 00:07:32 (3077 turns).

tyvek the Insei (Draconian Transmuter)              Turns: 3077, Time: 00:07:32

Health: -3/44      AC:  6    Str: 15    XL:     5   Next: 50%
Magic:  0/9        EV: 13    Int: 14    God:
Gold:   155        SH:  0    Dex: 12    Spells: 3/9 levels left

rFire    . . .     SeeInvis .     - Unarmed
rCold    . . .     Gourm    .   (no shield)
rNeg     . . .     Faith    .   (armour unavailable)
rPois    .         Spirit   +   (helmet restricted)
rElec    .         Reflect  .   b - scarf {Spirit}
rCorr    +         Harm     .   i - +0 pair of gloves (curse)
MR       .....                  (no boots)
Stlth    +.........             (no amulet)
HPRegen  0.14/turn              R - ring of resist corrosion
MPRegen  0.11/turn              S - +3 ring of strength

@: brilliant, very slightly contaminated
A: unfitting armour, cold-blooded, AC +5
a: no special abilities


You were on level 3 of the Dungeon.
You were hungry.

You visited 1 branch of the dungeon, and saw 3 of its levels.

You collected 155 gold pieces.


Innate Abilities, Weirdness & Mutations

Your plain brown scales are hard. (AC +5)
You cannot fit into any form of body armour.
You are cold-blooded and may be slowed by cold attacks.


   Skills:
 + Level 2.8 Fighting
 + Level 2.9 Dodging
 + Level 3.8 Unarmed Combat
 + Level 2.9 Spellcasting
 + Level 3.0 Transmutations


You had 3 spell levels left.
You knew the following spells:

 Your Spells              Type           Power        Failure   Level  Hunger
p - Spider Form           Tmut/Pois      #.........   34%         3    None
t - Sticks to Snakes      Tmut           ###.....     10%         2    None
z - Beastly Appendage     Tmut           ###...       6%          1    None

Your spell library contained the following spells:

 Spells                   Type           Power        Failure   Level  Hunger
 Ice Form                 Ice/Tmut       #.......     75%         4    None
 Blade Hands              Tmut           ###.......   86%         5    None

Inventory:

Missiles
 a - 90 arrows
 g - 9 poisoned darts
 j - 7 curare-tipped darts {=f}
 m - 44 stones (quivered)
Armour
 b - a scarf of spirit shield (worn)
 i - a cursed +0 pair of gloves (worn)
Jewellery
 F - an uncursed ring of fire
 R - a ring of resist corrosion (left hand)
 S - a +3 ring of strength (right hand)
Scrolls
 f - a scroll of enchant weapon
 h - 2 scrolls of identify {unknown}
 n - a scroll of teleportation {@r4}
 o - a scroll of magic mapping {unknown}
Potions
 e - a potion of curing {unknown}
Comestibles
 c - 11 rations
 l - a chunk of flesh

Dungeon Overview and Level Annotations

Branches:
Dungeon (3/15)

Altars:
Fedhas

Annotations:
D:3 southernslant's ghost, amateur MfGl

.......###...##...........# #..
....#.....................# #.#
#.#.#.####...##<.........## ###
..^.#.# ######.######.##########
#...#.# #.# #.............
##....#### #.# #....#########
(##......######.# #....##.......
).#.............####....##.######
..#......##...SW@..'........# #
..'......##.##S#####....##.># #
..'..........#..S...........# #
..'......##..#.#####....###.# #
..#......##..#............#.# #
..#..........#..#####.....#.# #
.##......###.#..#####.##..#.# #
##.......#......#...#.##..#.# #
.........#.#....#.#.#.##..#.# #


You could see southernslant's ghost and 2 friendly ball pythons.


Message History

Southernslant's ghost closely misses you.
Your ball python barely misses southernslant's ghost.
You punch southernslant's ghost!
Southernslant's ghost is lightly damaged.
Southernslant's ghost barely misses you.
Your ball python misses southernslant's ghost.
You hit southernslant's ghost but do no damage.
Your tail-slap misses southernslant's ghost.
Southernslant's ghost is lightly damaged.
Your ball python bites southernslant's ghost but does no damage.
Southernslant's ghost laughs crazily.
Southernslant's ghost closely misses you.
You miss southernslant's ghost.
Southernslant's ghost is lightly damaged.
Your ball python bites southernslant's ghost but does no damage.
Southernslant's ghost misses you.
You hit southernslant's ghost.
Southernslant's ghost is moderately damaged.
Your ball python closely misses southernslant's ghost.
Southernslant's ghost closely misses you.
You hit southernslant's ghost.
Your tail-slap misses southernslant's ghost.
Southernslant's ghost is moderately damaged.
Your ball python completely misses southernslant's ghost.
Southernslant's ghost hits you!
* * * LOW HITPOINT WARNING * * *
It was a potion of brilliance.
You feel clever all of a sudden. Southernslant's ghost hits you!
You die...

Skill      XL: |  1  2  3  4  5 |
---------------+----------------+-----
Dodging        | 2 |  2.9
Fighting       | 2 |  2.8
Transmutations | 3 |  3.0
Unarmed Combat | |  3.8
Spellcasting   | |  2.9

Action                   |  1- 3 |  4- 6 || total
-------------------------+-------+-------++-------
Melee: Unarmed           |    83 |   135 ||   218
       Tailslap          |     7 |    18 ||    25
       Kick              |     6 |    10 ||    16
       Headbutt          |     3 |     7 ||    10
       Punch             |       |     2 ||     2
Throw: Stone             |       |     3 ||     3
 Cast: Beastly Appendage |    12 |    12 ||    24
       Sticks to Snakes  |       |     7 ||     7
  Use: Scroll            |     2 |       ||     2
       Potion            |       |     2 ||     2
 Stab: Sleeping          |       |     2 ||     2
       Invisible         |       |     1 ||     1
  Eat: Chunk             |     2 |     5 ||     7
Armor: Skin              |    39 |    31 ||    70
Dodge: Dodged            |    68 |    81 ||   149

Levels and vault maps discovered:
D:1:      lightli_arrival_boilingwater, layout_basic
D:2:      kennysheep_big_flooded_room, layout_rooms,
          nicolae_overflow_crystal_walls
D:3:      layout_basic, gammafunk_ghost_icy, first_ration, minmay_ruptured

Notes
Turn   | Place    | Note
-------+----------+-------------------------------------------
     0 | D:1      | tyvek the Draconian Transmuter began the quest for the Orb.
     0 | D:1      | Reached XP level 1. HP: 16/16 MP: 3/3
    43 | D:1      | Upgraded the game from 0.25-a0-558-g78a2afb to
                  | 0.25-a0-565-g8875c97
   640 | D:2      | Reached skill level 2 in Dodging
   640 | D:2      | Reached XP level 2. HP: 18/23 MP: 1/5
   695 | D:2      | Reached XP level 3. HP: 9/29 MP: 3/6
  1267 | D:2      | Found a blossoming altar of Fedhas.
  1349 | D:2      | Reached skill level 2 in Fighting
  1520 | D:2      | Reached XP level 4. HP: 30/36 MP: 7/7
  1735 | D:3      | Learned a level 2 spell: Sticks to Snakes
  1739 | D:3      | Learned a level 3 spell: Spider Form
  1965 | D:3      | Found a runed translucent gate.
  1965 | D:3      | Found a runed translucent gate.
  1965 | D:3      | Found a runed translucent gate.
  2029 | D:3      | Reached XP level 5. HP: 29/42 MP: 4/9
  2313 | D:3      | Noticed southernslant's ghost (amateur MfGl)
  2564 | D:3      | Reached skill level 3 in Transmutations
  3076 | D:3      | HP: 4/44 [southernslant's ghost (10)]
  3077 | D:3      | Slain by southernslant's ghost

Vanquished Creatures
  An orc wizard (D:3)
  3 gnolls (D:3)
  9 adders
  A worker ant simulacrum (D:3)
  3 worms
  A leopard gecko (D:2)
  4 orcs (D:3)
  5 bats
  3 giant cockroaches (D:3)
  3 goblins
  6 hobgoblins (D:3)
  4 jackals (D:2)
  2 kobolds
  A quokka (D:3)
  4 frilled lizards
  A giant cockroach simulacrum (D:3)
  2 quokka simulacra (D:3)
  6 rats
59 creatures vanquished.
